 Dungeon Crawl Stone Soup version 0.20-a0-1117-g62da73f (webtiles) character file.

27973 Kidiri the Thaumaturge (level 13, 0/74 HPs)
             Began as a Deep Elf Fire Elementalist on May 9, 2017.
             Was an Elder of Vehumet.
             Slain by a yak (14 damage)
             ... on level 4 of the Lair of Beasts.
             The game lasted 01:10:09 (18982 turns).

Kidiri the Thaumaturge (DEFE)                      Turns: 18982, Time: 01:10:09

Health: 0/74       AC: 14    Str:  5    XL:     13   Next: 7%
Magic:  22/33      EV: 17    Int: 26    God:    Vehumet [****..]
Gold:   679        SH:  3    Dex: 15    Spells: 16/40 levels left

rFire    . . .     SeeInvis +   u - +2 dagger (venom)
rCold    . . .     Gourm    .   (no shield)
rNeg     . . .     Faith    .   a - +0 robe
rPois    +         Spirit   .   s - +0 helmet
rElec    .         Reflect  +   r - +1 cloak
rCorr    .         Harm     .   d - +1 pair of gloves
MR       +....                  A - +1 pair of boots
Stlth    ++........             f - +3 amulet of reflection
Regen    0.3/turn               (no ring)
MPRegen  0.3/turn               j - ring of see invisible

@: no status effects
A: icy blue scales 1, slimy green scales 1, mutation resistance 1, poison
resistance
a: Renounce Religion


You were on level 4 of the Lair of Beasts.
You worshipped Vehumet.
Vehumet was greatly pleased with you.
You were not hungry.

You visited 3 branches of the dungeon, and saw 14 of its levels.

You collected 679 gold pieces.

Inventory:

Hand Weapons
 u - a +2 dagger of venom (weapon)
Armour
 a - a +0 robe (worn)
 d - a +1 pair of gloves (worn)
 r - a +1 cloak (worn)
 s - a +0 helmet (worn)
 A - a +1 pair of boots (worn)
 D - a +0 pair of boots
Jewellery
 f - a +3 amulet of reflection (around neck)
 j - a ring of see invisible (right hand)
Wands
 b - a wand of disintegration (15/24)
 x - a wand of enslavement (5/24)
 E - a wand of paralysis (13/24)
 H - a wand of iceblast (13/15)
 I - a wand of disintegration (16/24)
Scrolls
 g - 4 scrolls of teleportation
 n - 2 scrolls of immolation
 p - 3 scrolls of amnesia
 t - 2 scrolls of fog
 y - 4 scrolls of remove curse
 B - a scroll of enchant armour
Potions
 e - 2 potions of magic
 i - 3 potions of invisibility
 k - a potion of curing
 l - a potion of resistance
 m - 3 potions of agility
 o - 3 potions of ambrosia
 q - 2 potions of cancellation
 v - 2 potions of lignification
 z - a potion of flight
 G - 4 potions of might {unknown}
 J - a potion of haste
Comestibles
 c - 11 bread rations
 h - 8 meat rations
 w - 3 chunks of flesh


   Skills:
 + Level 5.7 Fighting
 + Level 6.9 Short Blades
 + Level 5.2 Armour
 + Level 8.3 Dodging
 - Level 2.4 Stealth
 * Level 14.0 Spellcasting
 + Level 8.3 Conjurations
 + Level 9.1 Fire Magic
 + Level 6.3 Air Magic
 + Level 7.3 Poison Magic


You had 16 spell levels left.
You knew the following spells:

 Your Spells              Type           Power        Failure   Level  Hunger
a - Flame Tongue          Conj/Fire      #####        1%          1    None
b - Throw Flame           Conj/Fire      ######       1%          2    None
c - Conjure Flame         Conj/Fire      ######..     1%          3    None
d - Inner Flame           Hex/Fire       #####...     1%          3    None
e - Ignite Poison         Fire/Tmut/Pois #####...     1%          3    None
f - Sticky Flame          Conj/Fire      ######..     1%          4    None
g - Fireball              Conj/Fire      ######....   1%          5    ##.....
h - Mephitic Cloud        Conj/Pois/Air  ######..     1%          3    None


Dungeon Overview and Level Annotations

Branches:
Dungeon (9/15)             Temple (1/1) D:5            Lair (4/6) D:9
  Swamp (0/4) Lair:4        Snake (0/4) Lair:4
    Orc: D:9-12

Altars:
Ashenzari
Cheibriados
Dithmenos
Elyvilon
Fedhas
Gozag
Hepliaklqana
Kikubaaqudgha
Makhleb
Nemelex Xobeh
Okawaru
Qazlal
Ru
Sif Muna
Trog
Uskayaw
Vehumet
Wu Jian
Xom
Yredelemnul
Zin
The Shining One

Portals:
Volcano: Lair:4


Innate Abilities, Weirdness & Mutations

You are partially covered in icy blue scales. (AC +2)
You are partially covered in slimy green scales. (AC +2)
You are somewhat resistant to further mutation.
Your system is resistant to poisons. (rPois)


Message History

Casting: Sticky Flame
Confirm with . or Enter, or press ? or * to list all spells.
Aiming: Sticky Flame
Press: ? - help, Shift-Dir - straight line, f - yak, p - yak
Aim: a yak The sticky flame hits the yak.
The yak is lightly wounded.
The yak is covered in liquid flames!
You hear the rapid rumble of an avalanche of rocks nearby.
The yak burns! x3; The yak gores you! x2
* * * LOW HITPOINT WARNING * * *
The yak barely misses you.
Okay, then.
Unknown command.
You feel better. The yak burns! x3; The yak misses you. The yak gores you!
* * * LOW HITPOINT WARNING * * *
The yak completely misses you.
Unknown command.
The yak burns! x2; The yak stops burning.
The yak burns!
The yak gores you!
You die...

#......#∩...........##
##.#..###............##
####.# *#............#
### #...........#*
*#......%...,*
##.......####*
#PP....Y#...##
#.....YY.....#
#####..@.....#
##.....#### ##......#
#.......####
#.#........##
##.#........##
###.........#
#.........##
###......##


You could see 3 yaks.

Vanquished Creatures
  4 hydras
  Erica (D:8)
  A two-headed ogre (D:8)
  5 death yaks
  Nergalle (Lair:3)
  Pikel (D:7)
  3 oklob plants (Lair:2)
  2 black mambas
  A torpor snail (Lair:2)
  8 spiny frogs
  2 rime drakes (Lair:3)
  10 komodo dragons
  3 blink frogs (Lair:1)
  2 hippogriffs
  16 yaks
  5 basilisks
  A human (D:9)
  4 hogs (D:9)
  Menkaure (D:4)
  10 water moccasins
  9 porcupines
  Duvessa (D:6)
  An orc warrior (D:6)
  3 black bears
  4 slaves (D:7)
  3 sky beasts
  3 ice beasts
  2 phantoms
  An eye of draining (D:5)
  5 wolves
  5 ogres
  2 centaurs
  10 crocodiles
  11 bullfrogs
  Blork the orc (D:4)
  Dowan (D:6)
  A wyvern skeleton (D:8)
  3 scorpions
  11 killer bees
  2 howler monkeys
  5 wights (D:6)
  A crimson imp (D:7)
  2 hounds
  A bullfrog zombie (D:8)
  Crazy Yiuf (D:2)
  A bullfrog skeleton (D:9)
  A gnoll shaman (D:6)
  7 worker ants
  4 orc wizards
  3 iguanas
  2 hound skeletons
  A howler monkey zombie (D:5)
  Robin (D:4)
  8 gnolls (D:6)
  11 adders
  A shadow imp (D:5)
  An adder zombie (D:5)
  An ooze (D:3)
  4 adder skeletons
  2 worms
  3 dart slugs
  10 leopard geckos
  25 orcs
  4 giant cockroaches
  17 goblins
  3 hobgoblins
  6 jackals
  4 quokkas
  8 bats
  5 frilled lizards
  A jackal skeleton (D:4)
  7 kobolds
  A quokka skeleton (D:4)
  6 rats
  2 plants (Lair:2)
320 creatures vanquished.

Vanquished Creatures (others)
  4 fungi
  3 plants
7 creatures vanquished.

Grand Total: 327 creatures vanquished

Notes
Turn   | Place    | Note
-------+----------+-------------------------------------------
     0 | D:1      | Kidiri the Deep Elf Fire Elementalist began the quest for the Orb.
     0 | D:1      | Reached XP level 1. HP: 10/10 MP: 6/6
   229 | D:1      | Reached XP level 2. HP: 15/15 MP: 4/8
   233 | D:1      | Learned a level 2 spell: Throw Flame
   857 | D:2      | Found a stormy altar of Qazlal.
   857 | D:2      | Noticed a fire elemental
   859 | D:2      | Noticed an air elemental
   860 | D:2      | Noticed a water elemental
   860 | D:2      | Noticed an earth elemental
   885 | D:2      | Reached skill level 4 in Spellcasting
   929 | D:2      | Reached XP level 3. HP: 19/19 MP: 6/10
   935 | D:2      | Learned a level 3 spell: Conjure Flame
   939 | D:2      | Learned a level 3 spell: Inner Flame
  1029 | D:2      | Found a hazy altar of Hepliaklqana.
  1429 | D:2      | Found a runed door.
  1692 | D:2      | Noticed Crazy Yiuf
  1696 | D:2      | Killed Crazy Yiuf
  1696 | D:2      | Reached skill level 5 in Spellcasting
  1696 | D:2      | Reached XP level 4. HP: 24/24 MP: 7/13
  1715 | D:2      | Learned a level 4 spell: Sticky Flame
  2477 | D:3      | Reached XP level 5. HP: 27/28 MP: 12/15
  2799 | D:3      | Found a blossoming altar of Fedhas.
  3016 | D:4      | Noticed Blork the orc
  3025 | D:4      | Killed Blork the orc
  3025 | D:4      | Reached skill level 6 in Spellcasting
  3228 | D:4      | Noticed Menkaure
  3240 | D:4      | Killed Menkaure
  3240 | D:4      | Reached XP level 6. HP: 14/32 MP: 0/17
  3489 | D:3      | Learned a level 5 spell: Fireball
  3495 | D:4      | Reached skill level 7 in Spellcasting
  3772 | D:4      | Reached skill level 5 in Fire Magic
  3772 | D:4      | Reached XP level 7. HP: 26/37 MP: 8/19
  3955 | D:4      | Noticed Robin
  4001 | D:4      | Killed Robin
  4139 | D:4      | Reached skill level 1 in Short Blades
  4139 | D:4      | Reached skill level 1 in Armour
  4571 | D:4      | Found a snail-covered altar of Cheibriados.
  4820 | D:4      | Learned a level 3 spell: Mephitic Cloud
  4870 | D:5      | Entered Level 5 of the Dungeon
  4885 | D:5      | Reached skill level 1 in Fighting
  4981 | D:5      | Found an ornate altar of the Wu Jian Council.
  5037 | D:5      | Found a radiant altar of Vehumet.
  5057 | D:5      | Became a worshipper of Vehumet
  5282 | D:5      | Found a bloodstained altar of Trog.
  5299 | D:5      | Reached skill level 1 in Air Magic
  5599 | D:5      | Found a staircase to the Ecumenical Temple.
  5605 | Temple   | Entered the Ecumenical Temple
  6015 | D:5      | Reached skill level 8 in Spellcasting
  6015 | D:5      | Reached skill level 1 in Poison Magic
  6015 | D:5      | Reached XP level 8. HP: 43/43 MP: 19/22
  6339 | D:5      | Found a sacrificial altar of Ru.
  7149 | D:6      | Noticed Duvessa
  7149 | D:6      | Noticed Dowan
  7158 | D:6      | Killed Duvessa
  7158 | D:6      | Reached * piety under Vehumet
  7158 | D:6      | Offered knowledge of Freeze by Vehumet.
  7165 | D:6      | Killed Dowan
  7165 | D:6      | Reached skill level 5 in Conjurations
  7266 | D:6      | Found a shimmering altar of Xom.
  7269 | D:6      | Reached skill level 9 in Spellcasting
  7511 | D:6      | Reached XP level 9. HP: 42/48 MP: 20/24
  7648 | D:7      | Found a glowing golden altar of the Shining One.
  7782 | D:7      | Gained mutation: Your system is resistant to poisons. (rPois) [potion of mutation]
  7782 | D:7      | Gained mutation: You are somewhat resistant to further mutation. [potion of mutation]
  8071 | D:7      | Noticed Pikel
  8086 | D:7      | Killed Pikel
  8086 | D:7      | Reached skill level 10 in Spellcasting
  8180 | D:7      | Gained mutation: You are partially covered in icy blue scales. (AC +2) [mutagenic meat]
  8181 | D:7      | Gained mutation: You are partially covered in slimy green scales. (AC +2) [mutagenic meat]
  8696 | D:7      | Offered knowledge of Sting by Vehumet.
  8703 | D:7      | Reached ** piety under Vehumet
  9313 | D:7      | Reached skill level 5 in Dodging
  9531 | D:8      | Noticed Erica
  9574 | D:8      | Killed Erica
  9574 | D:8      | Reached XP level 10. HP: 56/56 MP: 16/26
 10054 | D:8      | Noticed a two-headed ogre
 10072 | D:8      | Killed a two-headed ogre
 10413 | D:8      | Identified a scroll of acquirement
 10414 | D:8      | Identified the Almanac of the Enchanting Voyage (You acquired it on level 8 of the Dungeon)
 10659 | D:9      | Reached skill level 11 in Spellcasting
 11126 | D:9      | Found a glowing silver altar of Zin.
 11182 | D:9      | Found a hide-covered altar of Uskayaw.
 11349 | D:9      | Offered knowledge of Searing Ray by Vehumet.
 11558 | D:9      | Reached *** piety under Vehumet
 11577 | D:9      | Found a staircase to the Lair.
 11771 | D:9      | Found a deep blue altar of Sif Muna.
 12089 | Lair:1   | Entered Level 1 of the Lair of Beasts
 12110 | Lair:1   | Reached skill level 5 in Short Blades
 12110 | Lair:1   | Reached XP level 11. HP: 18/61 MP: 18/28
 12590 | Lair:1   | Reached skill level 5 in Poison Magic
 12644 | Lair:1   | Noticed an eight-headed hydra
 12862 | Lair:1   | Killed an eight-headed hydra
 13747 | Lair:2   | Reached skill level 12 in Spellcasting
 13857 | Lair:2   | Offered knowledge of Force Lance by Vehumet.
 13879 | Lair:2   | Reached skill level 5 in Air Magic
 14095 | Lair:2   | Noticed a four-headed hydra
 14107 | Lair:2   | Killed a four-headed hydra
 14875 | Lair:2   | Noticed an oklob plant
 14907 | Lair:2   | Killed an oklob plant
 14910 | Lair:2   | Noticed an oklob plant
 15036 | Lair:2   | Noticed an oklob plant
 15044 | Lair:2   | Killed an oklob plant
 15044 | Lair:2   | Reached XP level 12. HP: 68/68 MP: 9/30
 15157 | Lair:2   | Reached skill level 5 in Fighting
 15694 | Lair:3   | Noticed Nergalle
 15709 | Lair:3   | Reached skill level 13 in Spellcasting
 15929 | Lair:3   | Identified Urus Nen's Handbook of Spatial Fire
 15935 | Lair:3   | Learned a level 3 spell: Ignite Poison
 16418 | Lair:3   | Reached **** piety under Vehumet
 16684 | Lair:3   | Noticed a death yak
 16687 | Lair:3   | Noticed a death yak
 16687 | Lair:3   | Noticed a death yak
 16688 | Lair:3   | Noticed a death yak
 16695 | Lair:3   | Noticed a death yak
 16704 | Lair:2   | Killed a death yak
 17158 | Lair:3   | Noticed an eight-headed hydra
 17168 | Lair:3   | Killed an eight-headed hydra
 17241 | Lair:3   | Killed a death yak
 17246 | Lair:3   | Killed a death yak
 17250 | Lair:3   | Killed a death yak
 17256 | Lair:3   | Killed a death yak
 17256 | Lair:3   | Offered knowledge of Iskenderun's Mystic Blast by Vehumet.
 17256 | Lair:3   | Reached skill level 5 in Armour
 18000 | Lair:3   | Noticed a four-headed hydra
 18002 | Lair:3   | Killed Nergalle
 18018 | Lair:3   | Killed a four-headed hydra
 18560 | Lair:4   | Reached skill level 14 in Spellcasting
 18560 | Lair:4   | Reached XP level 13. HP: 32/74 MP: 22/33
 18876 | Lair:4   | Found a staircase to the Swamp.
 18975 | Lair:4   | Found a dark tunnel.
 18982 | Lair:4   | Slain by a yak

Vault maps used:
D:1:      tarquinn_simple_flora_water_d
D:2:      nicolae_qazlal_style_of_elements, nicolae_overflow_crystal_walls,
          serial_forest, infiniplex_forest_clump_tiny,
          infiniplex_forest_lined_ring, infiniplex_forest_clump_curved,
          infiniplex_forest_clump_cross, infiniplex_forest_straight_2,
          uniq_crazy_yiuf_cottage
D:3:      fedhas_altar_4, corner_web_ring
D:4:      old_standard_altar, first_bread, uniq_menkaure, uniq_robin,
          uniq_blork_the_orc
D:5:      lemuel_ice_spiral_2, trog_eyes_of_draining, kennysheep_mini_moat,
          grunt_temple_overflow_open, minmay_temple_entry_enclosed_plants,
          interstate_on_off, grunt_ministairs_3, kennysheep_small_spiral
D:6:      kennysheep_spiral_hall, xom_butterflies, uniq_duvessa
D:7:      marbit_many_paths, uniq_pikel
D:8:      uniq_erica
D:9:      lemuel_blue_sif_altar, zin_scriptorium, kennysheep_little_box,
          minmay_lair_entry_grove, grunt_livestock, grunt_ministairs_5,
          minivault_23
Temple:   compressed_dpeg_triangle_lava_temple
Lair:2:   st_stairs_9, minmay_lair_oklob_chamber, grunt_megastairs_4
Lair:3:   lemuel_fruit_tree, uniq_nergalle
Lair:4:   swamp_mist_pool, minmay_snake_entry_six_corridors, enter_volcano_1,
          forest_entry_grove, lemuel_fruit_fields

Skill      XL: |  1  2  3  4  5  6  7  8  9 10 11 12 |
---------------+-------------------------------------+-----
Spellcasting   | 4 5 6 7 8 9 10 11 12 14 | 14.0
Conjurations   | 2 3 4 5 6 7 8 |  8.3
Fire Magic     | 4 5 6 7 8 9 |  9.1
Short Blades   | 1 2 4 5 6 |  6.9
Armour         | 1 2 3 4 5 |  5.2
Fighting       | 1 2 3 4 5 |  5.7
Dodging        | 3 4 5 6 7 8 |  8.3
Air Magic      | 1 2 3 4 5 6 |  6.3
Poison Magic   | 1 2 3 4 6 7 |  7.3
Stealth        | |  2.4

Action                   |  1- 3 |  4- 6 |  7- 9 | 10-12 | 13-15 || total
-------------------------+-------+-------+-------+-------+-------++-------
Melee: Dagger            |     8 |     8 |   135 |   258 |    12 ||   421
 Cast: Flame Tongue      |    59 |    69 |   153 |   164 |    11 ||   456
       Throw Flame       |     1 |     4 |    19 |    22 |     2 ||    48
       Conjure Flame     |       |     3 |     9 |    30 |     1 ||    43
       Inner Flame       |       |     4 |    15 |     5 |       ||    24
       Sticky Flame      |       |     4 |    12 |    89 |    13 ||   118
       Mephitic Cloud    |       |       |     4 |     2 |       ||     6
       Fireball          |       |       |       |    21 |       ||    21
       Ignite Poison     |       |       |       |     6 |       ||     6
  Use: Scroll            |     6 |     8 |    10 |     8 |     1 ||    33
       Potion            |       |     2 |     1 |     1 |     3 ||     7
 Stab: Sleeping          |     3 |       |     3 |     9 |       ||    15
       Distracted        |       |       |       |     1 |       ||     1
  Eat: Chunk             |     2 |     3 |    14 |    13 |     1 ||    33
       Royal jelly       |       |     2 |     2 |     5 |       ||     9
       Fruit             |       |     1 |     7 |    12 |       ||    20
Armor: Robe              |     9 |    10 |    46 |    73 |     7 ||   145
Dodge: Dodged            |    21 |    17 |   104 |   221 |    15 ||   378
Block: Other             |       |       |    20 |    36 |       ||    56
       Reflection        |       |       |       |     1 |       ||     1
